 Dungeon Crawl Stone Soup version 0.28.0-53-g5a82cb258f (webtiles) character file.

Game seed: 10985184090617629448

81237 Zeld the Scorcher (level 15, -18/99 HPs)
             Began as a Red Draconian Conjurer on June 4, 2022.
             Was an Initiate of Gozag.
             Shot with an arrow by Nessos (27 damage)
             ... on level 12 of the Dungeon.
             The game lasted 00:50:30 (45626 turns).

Zeld the Scorcher (Red Draconian Conjurer)         Turns: 45626, Time: 00:50:30

Health: -18/99     AC: 13    Str:  6    XL:     15   Next: 26%
Magic:  35/52      EV: 14    Int: 33    God:    Gozag
Gold:   146        SH:  0    Dex: 10    Spells: 24/44 levels left

rFire   . . .      SeeInvis +   a - +2 quarterstaff of a ziggurat {freeze, Drain Int+3 SInv}
rCold   + . .      Faith    .   (shield currently unavailable)
rNeg    . . .      Spirit   .   (armour unavailable)
rPois   .          Reflect  .   (helmet restricted)
rElec   .          Harm     .   A - +1 cloak
rCorr   .          Rampage  .   b - +0 pair of gloves
Will    +....                   e - +0 pair of boots
Stlth   ++........              s - amulet of regeneration
HPRegen 1.06/turn               I - ring of magical power
MPRegen 0.33/turn               d - ring of Govuosav {Ice MP+9 Str-4 Int+5}

@: no status effects
A: breathe fire, AC +9, unfitting armour, fire resistance 1, cold-blooded,
mutation resistance 1
a: Breathe Fire, Renounce Religion, Potion Petition, Call Merchant, Bribe Branch


You were on level 12 of the Dungeon.
You worshipped Gozag.
Gozag was aware of your devotion.
You visited 5 branches of the dungeon, and saw 21 of its levels.
You also visited: Ossuary and Bailey.

You collected 6661 gold pieces.
You spent 1932 gold pieces at shops.
You paid 4583 gold pieces to Gozag.

Inventory:

Hand Weapons
 a - the +2 quarterstaff of a ziggurat (weapon) {freeze, Drain Int+3 SInv}
   (You bought it in a shop on level 3 of the Lair of Beasts)

   It freezes those it strikes, dealing additional cold damage.
   It can also slow down cold-blooded creatures.
   Int:       It affects your intelligence (+3).
   SInv:      It lets you see invisible.
   Drain:     It drains your maximum health when unequipped.
Armour
 b - a +0 pair of gloves (worn)
 e - a +0 pair of boots (worn)
 A - a +1 cloak (worn)
Jewellery
 d - the ring of Govuosav (right hand) {Ice MP+9 Str-4 Int+5}
   (You bought it in a shop on level 6 of the Lair of Beasts)

   [ring of ice]

   It enhances your ice magic.
   Str:       It affects your strength (-4).
   Int:       It affects your intelligence (+5).
   rF:        It makes you vulnerable to fire.
   rC:        It protects you from cold.
   MP:        It affects your magic capacity (+9).
 s - an amulet of regeneration (around neck)
 I - a ring of magical power (left hand)
Wands
 t - a wand of flame (54)
 v - a wand of mindburst (9)
 x - a wand of iceblast (24)
Scrolls
 c - 2 scrolls of brand weapon
 f - a scroll of blinking
 i - 3 scrolls of fog
 p - 4 scrolls of holy word
 q - 2 scrolls of amnesia
 r - 9 scrolls of enchant weapon
 y - 5 scrolls of teleportation
 z - 3 scrolls of silence
 F - 5 scrolls of magic mapping
 G - a scroll of identify
Potions
 j - 4 potions of magic
 k - 4 potions of haste
 l - 2 potions of berserk rage {unknown}
 m - 12 potions of curing
 n - 3 potions of mutation
 o - 8 potions of brilliance
 u - 3 potions of resistance
 w - 2 potions of might
 B - 2 potions of flight
 D - a potion of invisibility
 H - a potion of cancellation {unknown}
Miscellaneous
 C - a piece from Xom's chessboard (15/15)
 E - a phantom mirror


   Skills:
 - Level 8.0 Dodging
 - Level 1.7 Stealth
 * Level 15.1 Spellcasting
 - Level 12.0 Conjurations
 - Level 2.0 Hexes
 - Level 2.0 Translocations
 - Level 2.0 Transmutations
 * Level 15.4 Fire Magic
 - Level 2.0 Earth Magic
 - Level 6.0 Poison Magic
 + Level 9.3 Evocations


You had 24 spell levels left.
You knew the following spells:

 Your Spells              Type           Power      Damage    Failure   Level
a - Magic Dart            Conj           100%       1d8       0%          1
b - Searing Ray           Conj           100%       2d8       1%          2
c - Fulminant Prism       Conj/Hex       31%        3d16      1%          4
d - Iskenderun's Mystic   Conj/Tloc      63%        2d13      1%          4
m - Passwall              Tmut/Erth      31%        N/A       1%          2
n - Inner Flame           Hex/Fire       70%        N/A       1%          3
q - Olgreb's Toxic Radia  Pois           59%        N/A       1%          4

Your spell library contained the following spells:

 Spells                   Type           Power      Damage    Failure   Level
 Scorch                   Fire           100%       2d10      0%          2
 Sandblast                Erth           76%        2d16      1%          1
 Shock                    Conj/Air       100%       1d9       1%          1
 Sting                    Tmut/Pois      100%       1d8       1%          1
 Ensorcelled Hibernation  Hex/Ice        94%        N/A       1%          2
 Poisonous Vapours        Pois/Air       88%        N/A       1%          2
 Dazzling Flash           Conj/Hex       100%       N/A       1%          3
 Spider Form              Tmut/Pois      51%        N/A       1%          3
 Stone Arrow              Conj/Erth      100%       3d13      1%          3
 Flame Wave               Conj/Fire      86%        2d15      1%          4
 Swiftness                Air            25%        N/A       4%          3
 Cause Fear               Hex            19%        N/A       8%          4
 Anguish                  Hex/Necr       15%        N/A       11%         4
 Airstrike                Air            12%        N/A       17%         4
 Summon Cactus Giant      Summ           12%        N/A       95%         6
 Discord                  Hex            19%        N/A       100%        8


Dungeon Overview and Level Annotations

Branches:
Dungeon (12/15)            Temple (1/1) D:4            Lair (6/6) D:10
 Shoals (0/4) Lair:3       Spider (0/4) Lair:4        Slime (0/5) Lair:6
    Orc (1/2) D:9            Hell (visited)         Ossuary (visited)
 Bailey (visited)
    Dis: Hell:1         Geh: Hell:1         Coc: Hell:1         Tar: Hell:1

Altars:
Cheibriados
Dithmenos
Elyvilon
Fedhas
Gozag
Hepliaklqana
Kikubaaqudgha
Makhleb
Nemelex Xobeh
Okawaru
Qazlal
Ru
Sif Muna
Uskayaw
Vehumet
Wu Jian
Yredelemnul
The Shining One
Jiyva

Shops:
D:6 *(   D:9 ?   D:11 !   Lair:3 *   Lair:6 =:

Portals:
Hell: Lair:6

Annotations:
D:12 Nessos
Hell Geryon


Innate Abilities, Weirdness & Mutations

You can breathe blasts of fire.
Your fiery red scales are hard. (AC +9)
You cannot fit into any form of body armour.
Your flesh is heat resistant. (rF+)
You are cold-blooded and may be slowed by cold attacks.
You are somewhat resistant to further mutation.


Message History

Your fulminant prism crackles loudly.
Unknown command.
Unknown command.
Casting: Iskenderun's Mystic Blast (mildly dangerous; 1% risk of failure)
Confirm with . or Enter, or press ? or * to list all spells.
You erupt in a blast of force!
The mystic blast hits Nessos!
Flame seeps out of Nessos.
Nessos is moderately wounded.
The mystic blast hits the cyclops!
The cyclops is heavily wounded.
The cyclops is knocked back by the mystic blast.
You feel very sick.
Nessos is engulfed in blazing flames.
Flame seeps out of Nessos.
Nessos shoots an arrow.
The arrow hits you! The arrow burns you.
You are more poisoned.
Nessos is engulfed in blazing flames.
Flame seeps out of Nessos.
Nessos shoots an arrow.
The arrow hits you!
* * * LOW HITPOINT WARNING * * *
The arrow burns you.
You are more poisoned.
* * * LOW HITPOINT WARNING * * *
Nessos is engulfed in blazing flames.
Flame seeps out of Nessos.
Nessos shoots an arrow.
The arrow closely misses you.
Your fulminant prism explodes!
The blast of energy engulfs Nessos!!
Flame seeps out of Nessos.
Nessos is severely wounded.
You hear a roar!
Casting: Iskenderun's Mystic Blast (mildly dangerous; 1% risk of failure)
Confirm with . or Enter, or press ? or * to list all spells.
You erupt in a blast of force!
The mystic blast hits Nessos!
Flame seeps out of Nessos.
Nessos is severely wounded.
Nessos is knocked back by the mystic blast.
* * * LOW HITPOINT WARNING * * *
You feel extremely sick.
You feel better.
Nessos mumbles some strange words.
Nessos blinks!
Nessos shoots an arrow.
The arrow hits you!!
You die...
Your body crumbles into a pile of gold.

##### #### $ #...#
#..### #...# #)...#
#...######.##.##
#...#...[......#####
...#..@.°).(..........#
........$§..c.....####..
........#$C.......# ##.
........#.........## ##
...#....#..........###..
#. #.................#.#
# ................##...
...#....?>...........
#........#..#####....


You could see Nessos (fast, inner flame, strong) and a cyclops.

Vanquished Creatures
  The ghost of pesado the Executioner, a journeyman MiBe of Trog (Lair:3)
  Josephine (D:11)
  16 hydras
  2 boulder beetles
  The ghost of Modestlyawesome the Cleaver, a journeyman DsGl of Okawaru (Lair:2)
  A centaur warrior (D:12)
  The ghost of DemonSlayer the Thaumaturge, a journeyman DsFE of Vehumet (Lair:1)
  3 two-headed ogres
  A tengu warrior (D:9)
  16 death yaks
  A sun demon (Lair:6)
  A wizard (Lair:6)
  A wolf spider (D:12)
  Pikel (D:8)
  A manticore (D:11)
  8 black mambas
  16 elephants
  3 orange demons (Lair:6)
  14 cane toads
  A torpor snail (Lair:5)
  5 rime drakes
  2 kobold demonologists
  4 ice devils
  18 komodo dragons
  A hellwing (Lair:5)
  A meliai (Lair:4)
  2 polar bears
  A hornet (Lair:1)
  4 trolls
  4 slime creatures
  18 blink frogs
  Grinder (D:6)
  11 dream sheep
  Sigmund (D:6)
  2 shadows
  10 spriggans
  3 wraiths (D:11)
  71 yaks
  6 wyverns
  5 steam dragons
  2 basilisks
  Menkaure (Ossuary)
  A warg (D:9)
  4 hell hounds (Lair:6)
  26 water moccasins
  2 ice beasts
  11 orc warriors
  A sky beast (D:7)
  2 black bears
  7 ogres
  20 wolves
  7 centaurs
  2 necrophages (D:9)
  A kobold brigand (D:6)
  2 lemures (D:8)
  9 bullfrogs
  3 scorpions
  2 gnoll sergeants
  2 wyvern zombies
  A wyvern skeleton (D:6)
  2 water moccasin zombies
  4 killer bees (Lair:4)
  13 wights
  A howler monkey (D:5)
  4 centaur zombies
  A jelly (D:8)
  4 hounds
  9 orc priests
  A bullfrog skeleton (D:7)
  4 centaur skeletons
  3 iguanas
  13 orc wizards
  A killer bee zombie (D:7)
  A hound zombie (D:5)
  3 mummies (Ossuary)
  2 howler monkey zombies (D:9)
  14 gnolls
  A howler monkey skeleton (D:7)
  5 adders
  A shadow imp (D:7)
  An ufetubus (D:3)
  A worm (D:2)
  A worm (shapeshifter) (D:11)
  4 dart slugs
  42 orcs
  5 endoplasms
  A giant cockroach (D:3)
  2 gnoll zombies (Ossuary)
  4 goblins
  6 hobgoblins
  8 quokkas
  5 ball pythons
  3 bats
  3 frilled lizards
  2 gnoll skeletons (Ossuary)
  5 goblin skeletons (Ossuary)
  5 goblin zombies (Ossuary)
  5 hobgoblin skeletons (Ossuary)
  2 hobgoblin zombies (Ossuary)
  5 kobolds
  5 kobold skeletons (Ossuary)
  5 kobold zombies (Ossuary)
  4 orc skeletons (Ossuary)
  8 orc zombies (Ossuary)
  22 rats
  4 rat skeletons (Ossuary)
  3 rat zombies (Ossuary)
  A bush (Lair:2)
615 creatures vanquished.

Vanquished Creatures (others)
  An orc (D:8)
  30 fulminant prisms
  44 fungi
  87 plants
  A withered plant (D:9)
163 creatures vanquished.

Grand Total: 778 creatures vanquished

Notes
Turn   | Place    | Note
-------+----------+-------------------------------------------
     0 | D:1      | Zeld the Draconian Conjurer began the quest for the Orb.
     0 | D:1      | Reached XP level 1. HP: 14/14 MP: 3/3
   482 | D:1      | Found a faded altar of an unknown god.
   625 | D:1      | Reached XP level 2. HP: 17/20 MP: 0/5
   628 | D:1      | Learned a level 2 spell: Searing Ray
   757 | D:1      | Reached skill level 1 in Translocations
   955 | D:1      | Reached skill level 1 in Hexes
  1419 | D:2      | Reached XP level 3. HP: 25/26 MP: 0/6
  2461 | D:2      | Reached XP level 4. HP: 21/33 MP: 3/7
  2505 | D:2      | Learned a level 4 spell: Fulminant Prism
  3293 | D:3      | Reached XP level 5. HP: 30/38 MP: 0/9
  4165 | D:4      | Found a staircase to the Ecumenical Temple.
  4174 | Temple   | Entered the Ecumenical Temple
  4182 | Temple   | Became a worshipper of Gozag Ym Sagoz the Greedy
  4227 | D:4      | Found a sand-covered staircase.
  4237 | Ossuary  | Entered an ossuary
  5548 | Ossuary  | Noticed Menkaure
  5900 | Ossuary  | Killed Menkaure
  5901 | Ossuary  | Reached skill level 5 in Conjurations
  5901 | Ossuary  | Reached XP level 6. HP: 45/45 MP: 5/11
  5906 | Ossuary  | Learned a level 4 spell: Iskenderun's Mystic Blast
  7061 | D:4      | Identified the +4 quarterstaff of Checkmate {venom, Fragile
                  | rPois Str+6}
  7560 | D:5      | Entered Level 5 of the Dungeon
  7654 | D:5      | Your scales start taking on a fiery red colour.
  7654 | D:5      | Reached XP level 7. HP: 50/50 MP: 7/13
  7654 | D:5      | Gained mutation: Your flesh is heat resistant. (rF+) [Red
                  | Draconian growth]
  8990 | D:5      | Reached skill level 5 in Spellcasting
  9339 | D:6      | Reached skill level 5 in Dodging
  9342 | D:6      | Found a large runed translucent door.
  9345 | D:6      | Noticed a troll
  9346 | D:6      | Found a large runed translucent door.
  9346 | D:6      | Noticed an eight-headed hydra
  9360 | D:6      | Reached XP level 8. HP: 57/57 MP: 7/15
  9490 | D:6      | Noticed a kobold demonologist
  9501 | D:6      | Killed a kobold demonologist
  9795 | D:6      | Noticed Grinder
  9806 | D:6      | Killed Grinder
 10012 | D:6      | Learned a level 4 spell: Olgreb's Toxic Radiance
 10058 | D:6      | Found a large runed translucent door.
 10058 | D:6      | Found a large runed translucent door.
 10377 | D:6      | Noticed Sigmund
 10383 | D:6      | Killed Sigmund
 10384 | D:6      | Reached skill level 1 in Poison Magic
 10384 | D:6      | Reached XP level 9. HP: 60/62 MP: 6/19
 10389 | D:6      | Bought a potion of magic for 112 gold pieces
 10389 | D:6      | Bought a potion of resistance for 140 gold pieces
 10389 | D:6      | Bought a scroll of identify for 28 gold pieces
 10510 | D:6      | You fall into a shaft and drop 2 floors!
 10926 | D:8      | Noticed Pikel
 10933 | D:8      | Killed Pikel
 11680 | D:7      | Found an iron altar of Okawaru.
 13106 | D:6      | Found Lin Gimicke's Weapon Shoppe.
 14089 | D:8      | Reached XP level 10. HP: 47/69 MP: 6/22
 15466 | D:9      | Found a staircase to the Orcish Mines.
 16664 | D:9      | Bought a scroll of summoning for 133 gold pieces
 16664 | D:9      | Bought a scroll of silence for 105 gold pieces
 16664 | D:9      | Bought a scroll of identify for 28 gold pieces
 16711 | D:10     | Entered Level 10 of the Dungeon
 16718 | D:10     | Reached skill level 5 in Poison Magic
 16900 | Orc:1    | Entered Level 1 of the Orcish Mines
 16948 | D:10     | Noticed a tengu warrior
 16949 | D:10     | Noticed a boulder beetle
 16989 | D:9      | Killed a tengu warrior
 17134 | D:10     | Reached skill level 10 in Spellcasting
 17138 | D:10     | Found a flagged portal.
 17152 | Bailey   | Entered a bailey
 17474 | Bailey   | Reached XP level 11. HP: 21/72 MP: 16/25
 18173 | Bailey   | Noticed a two-headed ogre
 18178 | Bailey   | Killed a two-headed ogre
 19416 | D:10     | Found a staircase to the Lair.
 19471 | D:10     | Noticed a two-headed ogre
 20337 | D:9      | Bought a scroll of teleportation for 42 gold pieces
 20549 | D:10     | Killed a boulder beetle
 20758 | D:10     | Killed a two-headed ogre
 20759 | D:10     | Reached skill level 10 in Conjurations
 21083 | D:10     | Identified the +4 whip of the Elven Halls {freeze, +Blink
                  | rElec rF+}
 21538 | D:6      | Killed an eight-headed hydra
 21539 | D:6      | Reached skill level 1 in Evocations
 21735 | Lair:1   | Entered Level 1 of the Lair of Beasts
 21813 | Lair:1   | Noticed a four-headed hydra
 21821 | Lair:1   | Killed a four-headed hydra
 22088 | Lair:1   | Reached XP level 12. HP: 53/81 MP: 16/28
 22690 | Lair:1   | Found a runed translucent door.
 22694 | Lair:1   | Identified the +5 trident of the Fox {speed, rCorr Str+4}
 22879 | Lair:1   | Noticed DemonSlayer's ghost (journeyman DsFE)
 23007 | Lair:1   | Reached skill level 5 in Fire Magic
 23426 | Lair:1   | Killed DemonSlayer's ghost
 24207 | Lair:2   | Noticed Modestlyawesome's ghost (journeyman DsGl)
 24219 | Lair:2   | Noticed a six-headed hydra
 24219 | Lair:2   | Noticed a boulder beetle
 24235 | Lair:2   | Found a transporter.
 24275 | Lair:2   | Noticed an eight-headed hydra
 24298 | Lair:2   | Killed an eight-headed hydra
 24879 | Lair:2   | Found a transporter.
 25510 | Lair:3   | Noticed an eight-headed hydra
 25556 | Lair:3   | Killed an eight-headed hydra
 25712 | Lair:3   | Noticed a five-headed hydra
 25958 | Lair:3   | Killed a five-headed hydra
 25959 | Lair:3   | Reached skill level 5 in Evocations
 26140 | Lair:3   | Bought a scroll of blinking for 90 gold pieces
 26140 | Lair:3   | Bought the +2 quarterstaff of a ziggurat {freeze, Drain
                  | Int+3 SInv} for 349 gold pieces
 26330 | Lair:3   | Noticed a five-headed hydra
 26338 | Lair:3   | Killed a five-headed hydra
 26737 | Lair:3   | Found a staircase to the Shoals.
 27167 | Lair:3   | Reached XP level 13. HP: 76/86 MP: 2/29
 28050 | Lair:4   | Learned a level 2 spell: Passwall
 28054 | Lair:4   | Learned a level 3 spell: Inner Flame
 28058 | Lair:4   | Reached skill level 10 in Fire Magic
 28789 | Lair:4   | Reached skill level 1 in Transmutations
 28789 | Lair:4   | Reached skill level 1 in Earth Magic
 28938 | Lair:4   | Found a runed translucent gate.
 28938 | Lair:4   | Found a runed translucent gate.
 28938 | Lair:4   | Found a runed translucent gate.
 28940 | Lair:4   | Noticed pesado's ghost (journeyman MiBe)
 29214 | Lair:4   | Identified the +4 broad axe "Ixeowev" {drain, Will+ Int-4
                  | Dex+2}
 29567 | Lair:4   | Found a hole to the Spider Nest.
 32557 | Lair:5   | Reached XP level 14. HP: 56/93 MP: 11/31
 33129 | Lair:6   | Entered Level 6 of the Lair of Beasts
 35416 | Lair:6   | Identified the +8 tower shield of Bixzaw {-Tele rElec
                  | Str+6}
 35434 | Lair:6   | Found a viscous altar of Jiyva.
 35434 | Lair:6   | Found a staircase to the Slime Pits.
 35710 | Lair:6   | Found a stormy altar of Qazlal.
 38571 | Lair:6   | Reached XP level 15. HP: 82/99 MP: 3/33
 38866 | Lair:6   | Found a burning altar of Makhleb.
 38927 | Lair:6   | Found a gateway to Hell.
 38934 | Lair:6   | Identified the +1 scale mail "Midghamy" {Int+2}
 39049 | Hell     | Entered the Vestibule of Hell
 39049 | Hell     | Noticed Geryon
 39345 | Lair:3   | Killed pesado's ghost
 39479 | Lair:3   | Found Kotrosik's General Store.
 39522 | Lair:3   | Found a staircase to the Shoals.
 40841 | Lair:2   | Found a transporter.
 41297 | Lair:2   | Found a transporter.
 41506 | Lair:2   | Reached skill level 15 in Fire Magic
 42158 | Lair:2   | Killed Modestlyawesome's ghost
 42412 | Lair:2   | Found a transporter.
 42521 | Lair:2   | Found a transporter.
 43267 | Lair:6   | Bought the ring of Govuosav {Ice MP+9 Str-4 Int+5} for 689
                  | gold pieces
 43486 | Lair:1   | Gained mutation: Your tail ends in a venomous barb. [potion
                  | of mutation]
 43486 | Lair:1   | Gained mutation: You are dopey. (Int -2) [potion of
                  | mutation]
 43486 | Lair:1   | Gained mutation: You passively map a small area around you.
                  | [potion of mutation]
 43687 | Lair:1   | Lost mutation: You are dopey. (Int -2) [potion of mutation]
 43687 | Lair:1   | Lost mutation: You passively map a small area around you.
                  | [potion of mutation]
 43687 | Lair:1   | Gained mutation: You occasionally shout uncontrollably at
                  | your foes. [potion of mutation]
 43888 | Lair:1   | Lost mutation: Your tail ends in a venomous barb. [potion
                  | of mutation]
 43888 | Lair:1   | Lost mutation: You occasionally shout uncontrollably at
                  | your foes. [potion of mutation]
 43888 | Lair:1   | Gained mutation: You are somewhat resistant to further
                  | mutation. [potion of mutation]
 44218 | D:11     | Noticed Josephine
 44225 | D:11     | Killed Josephine
 44226 | D:11     | Reached skill level 15 in Spellcasting
 44746 | D:11     | Found Suuly's Distillery.
 45281 | D:11     | Bought a potion of curing for 54 gold pieces
 45281 | D:11     | Bought a potion of curing for 54 gold pieces
 45281 | D:11     | Bought a potion of curing for 54 gold pieces
 45281 | D:11     | Bought a potion of curing for 54 gold pieces
 45355 | D:12     | Noticed Nessos
 45625 | D:12     | HP: 2/99 [poisoned by Nessos]
 45626 | D:12     | Shot with an arrow by Nessos

Illustrated notes

Levels and vault maps discovered:
D:1:      lemuel_arrival_muddy, layout_loops_ring,
          hellmonk_ecumenical_altar_slurped_away, chequers_serial_rivers_large_a
D:2:      layout_basic, serial_co_window_serial, co_window_paths_b,
          co_window_paths_b, co_window_cross_1, co_window_paths_b,
          co_window_corner_a, co_window_2corner, co_window_2corner,
          co_window_of_opportunity_b, co_window_cross_3, co_window_cross_2,
          co_window_of_opportunity_b, glass_columns_a, glass_columns_a,
          glass_columns_c, glass_columns_a, glass_columns_a, minmay_rat_hole
D:3:      layout_loops_ring
D:4:      layout_basic, minmay_temple_entry_wispy, enter_ossuary_1,
          kennysheep_nondescript
D:5:      layout_layer_cave
D:6:      layout_basic, serial_shops, nicolae_shop_trees,
          minmay_hollow_rounded_squares, uniq_sigmund, uniq_grinder
D:7:      layout_basic, old_standard_altar, minmay_door_square
D:8:      layout_loops_ring, uniq_pikel
D:9:      layout_loops_ring, erik_orc_4, serial_undead, serial_undead_d,
          serial_undead_d, serial_undead_d, serial_undead_b
D:10:     layout_small_grid, minmay_lair_entry_grove, enter_bailey_2,
          minmay_radiant
D:11:     layout_stronghold, serial_shops, shop, uniq_josephine
D:12:     layout_rooms, uniq_nessos
Temple:   dpeg_three_leaves_temple
Lair:1:   layout_loops_ring, ebering_ghost_funeral_grove,
          chequers_serial_rivers_small_b, grunt_megastairs_2, lemuel_fruit_tree,
          lemuel_fruit_fields
Lair:2:   layout_regular_city, nzn_ghost_randoct, chequers_serial_rivers_small_b
Lair:3:   layout_cave_pods, minmay_shoals_entry_centaurs, serial_bayou_shore_b
Lair:4:   layout_roguey, hellmonk_spider_entry_not_the_bees,
          gammafunk_ghost_hydra_chop
Lair:5:   layout_cave_pods, minmay_shattered_shrine
Lair:6:   evil_forest, layout_hall_layers, slime_altar_1, basic_altar
Orc:1:    layout_caves, david_defended_altar_orc, uniq_erica
Hell

Skill      XL: |  1  2  3  4  5  6  7  8  9 10 11 12 13 14 15 |
---------------+----------------------------------------------+-----
Translocations | 1 2 |  2.0
Hexes          | 1 2 |  2.0
Dodging        | 2 3 5 6 8 |  8.0
Spellcasting   | 3 4 5 6 8 10 12 13 14 15 | 15.1
Conjurations   | 5 6 7 8 10 11 12 | 12.0
Poison Magic   | 1 3 5 6 |  6.0
Fire Magic     | 3 9 12 14 15 | 15.4
Evocations     | 1 5 7 8 9 |  9.3
Transmutations | 2 |  2.0
Earth Magic    | 2 |  2.0
Stealth        | |  1.7

Action                   |  1- 3 |  4- 6 |  7- 9 | 10-12 | 13-15 || total
-------------------------+-------+-------+-------+-------+-------++-------
Melee: Unarmed           |    74 |   148 |    73 |    25 |       ||   320
       Tailslap          |    12 |    30 |     9 |    11 |    17 ||    79
       Punch             |     1 |     8 |       |     1 |       ||    10
       Whip              |       |       |       |    27 |       ||    27
       Quarterstaff      |       |       |       |     9 |   111 ||   120
 Cast: Magic Dart        |    47 |     9 |     7 |     6 |    16 ||    85
       Searing Ray       |    12 |    54 |    28 |    24 |    28 ||   146
       Iskenderun's Myst |       |       |    84 |   288 |   444 ||   816
       Fulminant Prism   |       |       |     1 |     7 |    22 ||    30
       Olgreb's Toxic Ra |       |       |       |    27 |    49 ||    76
       Inner Flame       |       |       |       |       |     6 ||     6
Invok: Call Merchant     |       |       |     1 |     2 |     2 ||     5
 Abil: Breathe Fire      |       |       |    13 |    16 |    29 ||    58
  Use: Scroll            |       |       |    14 |    12 |     4 ||    30
       Potion            |       |       |       |     1 |    11 ||    12
 Stab: Sleeping          |       |     1 |     1 |     1 |       ||     3
Armor: Skin              |    36 |    88 |    69 |    93 |   170 ||   456
Dodge: Dodged            |    66 |   132 |   124 |   215 |   358 ||   895
